 Dungeon Crawl Stone Soup version 0.22-a0-469-gf26638a (webtiles) character file.

269 4thArraOfDagon the Slasher (level 6, 0/56 HPs)
             Began as a Minotaur Monk on June 13, 2018.
             Was a Believer of Ashenzari.
             Killed from afar by an orc wizard (2 damage)
             ... with a magic dart
             ... on level 4 of the Dungeon.
             The game lasted 00:04:37 (957 turns).

4thArraOfDagon the Slasher (Minotaur Monk)           Turns: 957, Time: 00:04:38

Health: 0/56       AC:  8    Str: 16    XL:     6   Next: 1%
Magic:  5/5        EV: 11    Int:  9    God:    Ashenzari [**....]
Gold:   92         SH:  0    Dex: 12    Spells: 5/5 levels left

rFire    . . .     SeeInvis .   a - +0 falchion
rCold    . . .     Gourm    .   (no shield)
rNeg     . . .     Faith    .   d - +0 scale mail
rPois    .         Spirit   .   (helmet restricted)
rElec    .         Reflect  .   (no cloak)
rCorr    .         Harm     .   (no gloves)
MR       .....                  e - +1 pair of boots
Stlth    ..........             (no amulet)
HPRegen  0.18/turn              (no ring)
MPRegen  0.09/turn              (no ring)

@: no status effects
A: retaliatory headbutt, horns 2
a: Curse Item, Scrying, Renounce Religion


You were on level 4 of the Dungeon.
You worshipped Ashenzari.
Ashenzari was pleased with you.
You were hungry.

You visited 1 branch of the dungeon, and saw 4 of its levels.

You collected 92 gold pieces.

Inventory:

Hand Weapons
 a - a +0 falchion (weapon)
Armour
 b - a +0 robe
 d - a +0 scale mail (worn)
 e - a +1 pair of boots (worn)
Scrolls
 g - 2 scrolls of identify
 i - 2 scrolls of amnesia
Comestibles
 c - 3 rations


   Skills:
 + Level 5.1 Fighting
 * Level 6.3 Long Blades
 + Level 4.6 Dodging
 - Level 1.5 Stealth


You had 5 spell levels left.
You didn't know any spells.
Your spell library was empty.

Dungeon Overview and Level Annotations

Branches:
Dungeon (4/15)
 Temple: D:4-7

Altars:
Ashenzari
Nemelex Xobeh
Okawaru


Innate Abilities, Weirdness & Mutations

You reflexively headbutt those who attack you in melee.
You have a pair of horns on your head.


Message History

The orc priest hits you but does no damage.
Unknown command.
Throwing (i - inventory)
j - a throwing net (quivered)
Press: ? - help, Shift-Dir - straight line, f - orc priest
Aim: an orc priest, wielding a club (lightly wounded)
You throw a throwing net.
The throwing net closely misses the orc priest.
The orc priest casts a cantrip, but nothing happens.
Unknown command.
You barely miss the orc priest. You headbutt the orc priest.
The orc priest is moderately wounded.
The orc priest mumbles some strange prayers to Beogh against you.
Beogh smites you!
* * * LOW HITPOINT WARNING * * *
Unknown command.
You hit the orc priest. Your headbutt misses the orc priest.
The orc priest is severely wounded.
The orc wizard points at you and mumbles some strange words.
The magic dart hits you!
You die...

*****,..** #.........#####
,,,,,,,,* #.........#...#
<****,*** #.............#
,* *,* #.............# ,**
*,* ##.............# ,,*
*,* #..........#...# *,*
*,* #.#........#...# ,,*
*,* #o#........#,..# ***
*,* #@#........#,..# *,*
**#o#........#,,.#
*>*******#..(##########**##
*,,,,,,ooo.### ******###..*
##**


You could see an orc priest and an orc wizard.

Vanquished Creatures
  An ogre (D:4)
  A hound (D:4)
  An orc wizard (D:3)
  A worker ant (D:4)
  4 adders
  3 worms (D:3)
  A dart slug (D:1)
  2 leopard geckos
  11 orcs
  4 goblins
  6 hobgoblins
  3 jackals (D:2)
  5 kobolds
  4 bats
  3 frilled lizards
  4 rats
54 creatures vanquished.

Notes
Turn   | Place    | Note
-------+----------+-------------------------------------------
     0 | D:1      | 4thArraOfDagon the Minotaur Monk began the quest for the Orb.
     0 | D:1      | Reached XP level 1. HP: 19/19 MP: 0/0
    59 | D:2      | Reached skill level 4 in Long Blades
    59 | D:2      | Reached XP level 2. HP: 22/27 MP: 1/1
    63 | D:2      | Found a shattered altar of Ashenzari.
    71 | D:2      | Became a worshipper of Ashenzari the Shackled
    71 | D:2      | Reached * piety under Ashenzari
    71 | D:2      | Reached ** piety under Ashenzari
   306 | D:2      | Reached XP level 3. HP: 25/33 MP: 2/2
   418 | D:3      | Reached skill level 5 in Long Blades
   418 | D:3      | Reached XP level 4. HP: 12/41 MP: 3/3
   732 | D:3      | Found an iron altar of Okawaru.
   732 | D:3      | Found a sparkling altar of Nemelex Xobeh.
   859 | D:4      | Reached XP level 5. HP: 25/47 MP: 4/4
   879 | D:4      | Noticed an ogre
   895 | D:4      | Killed an ogre
   895 | D:4      | Reached skill level 5 in Fighting
   895 | D:4      | Reached skill level 6 in Long Blades
   937 | D:4      | Reached XP level 6. HP: 40/56 MP: 5/5
   956 | D:4      | HP: 2/56 [orc priest/divine providence (15)]
   957 | D:4      | Killed from afar by an orc wizard

Vault maps used:
D:1:      enne_arrival_octagon_isle, minmay_ruptured
D:2:      cheibrodos_greedy_goblins, lemuel_doored_altar,
          evilmike_ruin_ashenzari
D:3:      amethyst_overflow_temple_binary, uniq_crazy_yiuf_cottage
D:4:      eino_tiny_chamber, minivault_23

Skill      XL: |  1  2  3  4  5 |
---------------+----------------+-----
Long Blades    | 4 5 6 |  6.3
Fighting       | 4 5 |  5.1
Dodging        | 4 |  4.6
Stealth        | |  1.5

Action                   |  1- 3 |  4- 6 || total
-------------------------+-------+-------++-------
Melee: Falchion          |    66 |    88 ||   154
       Headbutt          |    11 |    20 ||    31
Throw: Throwing net      |       |     2 ||     2
  Use: Scroll            |       |     3 ||     3
 Stab: Held in net/web   |       |     1 ||     1
Armor: Scale mail        |    31 |    21 ||    52
       Robe              |     1 |       ||     1
Dodge: Dodged            |    45 |    59 ||   104
       Rpst.: Falchion   |    12 |    21 ||    33

Table legend:
 A = Spawn XP
 B = Non-spawn XP
 C = Spawn XP percentage of total XP
 D = Spawn monster count
 E = Non-spawn monster count
 F = Spawn count percentage of total count
 G = Total turns spent on level
                    A         B        C        D         E        F      G
               +---------+---------+-------+---------+---------+-------+---------
         Total |       0 |     385 |   0.0 |       0 |      54 |   0.0 |   957
               +---------+---------+-------+---------+---------+-------+---------
           D:1 |       0 |      20 |   0.0 |       0 |      10 |   0.0 |   151
           D:2 |       0 |      59 |   0.0 |       0 |      15 |   0.0 |   268
           D:3 |       0 |     103 |   0.0 |       0 |      21 |   0.0 |   401
           D:4 |       0 |     203 |   0.0 |       0 |       8 |   0.0 |   137
               +---------+---------+-------+---------+---------+-------+---------
